 Dungeon Crawl Stone Soup version 0.24-a0-446-g87df7205b4 (webtiles) character file.

Game seed: 12101337909943508438

274 Krouwed the Shield-Bearer (level 6, -1/39 HPs)
             Began as a Gargoyle Fighter on June 22, 2019.
             Blown up by Pikel (26 damage)
             ... with a disintegration bolt
             ... on level 4 of the Dungeon on June 23, 2019.
             The game lasted 00:07:21 (2176 turns).

Krouwed the Shield-Bearer (Gargoyle Fighter)        Turns: 2176, Time: 00:07:21

Health: -1/39      AC: 11    Str: 20    XL:     6   Next: 24%
Magic:  6/6        EV:  7    Int:  9    God:
Gold:   178        SH:  9    Dex: 12    Spells: 5/5 levels left

rFire    . . .     SeeInvis .   a - +0 flail
rCold    . . .     Gourm    .   c - +0 shield
rNeg     + . .     Faith    .   b - +0 scale mail
rPois    ∞         Spirit   .   (no helmet)
rElec    +         Reflect  .   (no cloak)
rCorr    .         Harm     .   (no gloves)
MR       .....                  (no boots)
Stlth    ..........             p - amulet of rage
HPRegen  0.13/turn              x - ring of wizardry
MPRegen  0.10/turn              y - +2 ring of dexterity

@: no status effects
A: negative energy resistance 1, electricity resistance, unbreathing,
petrification resistance, rot immunity, AC +4
a: Evoke Berserk Rage


You were on level 4 of the Dungeon.
You were not hungry.

You visited 1 branch of the dungeon, and saw 4 of its levels.

You collected 178 gold pieces.

Inventory:

Hand Weapons
 a - a +0 flail (weapon)
Missiles
 t - 17 poisoned darts (quivered)
Armour
 b - a +0 scale mail (worn)
 c - a +0 shield (worn)
Jewellery
 p - an amulet of rage (around neck)
 x - a ring of wizardry (left hand)
 y - a +2 ring of dexterity (right hand)
Scrolls
 i - 2 scrolls of random uselessness {unknown}
 j - a scroll of blinking {unknown}
 n - 2 scrolls of identify
 o - a scroll of teleportation {unknown}
 q - a scroll of fear {unknown}
 r - a scroll of remove curse
 s - a scroll of noise {unknown}
 v - a scroll of fog {unknown}
 w - a scroll of enchant armour {unknown}
Potions
 d - 4 potions of might
 e - 5 potions of curing
 h - a potion of degeneration {unknown}
 k - 2 potions of invisibility {unknown}
 l - a potion of mutation {unknown}
 m - a potion of magic {unknown}
 u - a potion of lignification {unknown}
 z - a potion of cancellation {unknown}
 A - a potion of berserk rage {unknown}
 B - 2 potions of flight {unknown}
Comestibles
 f - 6 rations
 g - 5 chunks of flesh


   Skills:
 + Level 4.4 Fighting
 * Level 4.2 Maces & Flails
 + Level 4.4 Armour
 + Level 4.4 Shields


You had 5 spell levels left.
You didn't know any spells.
Your spell library was empty.

Dungeon Overview and Level Annotations

Branches:
Dungeon (4/15)
 Temple: D:4-7

Altars:

Annotations:
D:4 Pikel


Innate Abilities, Weirdness & Mutations

You are resistant to torment.
Your stone body is resilient. (AC +4)
You are immune to poison.
You resist negative energy. (rN+)
You are resistant to electric shocks. (rElec)
You can survive without breathing.
You are immune to petrification.
You are immune to rotting.


Message History

Your shield and scale mail prevent you from hitting Pikel.
Pikel is moderately wounded.
Pikel barely misses you.
Your shield prevents you from hitting Pikel.
Pikel is lightly wounded.
Pikel hits you with a +2 whip of flaming.
Pikel burns you.
Your shield prevents you from hitting Pikel.
Pikel is lightly wounded.
Pikel hits you with a +2 whip of flaming.
Pikel burns you. You block Pikel's attack.
Your shield and scale mail prevent you from hitting Pikel.
Pikel is lightly wounded.
Pikel hits you with a +2 whip of flaming.
Pikel burns you.
You closely miss Pikel.
Pikel is lightly wounded.
Pikel zaps a wand.
You are blasted!
Ouch! That really hurt!
You die...

...### ....#
#...#
######...####
.......pp...+
#p# #p# ######
#K# #....# #@#
#....# #.#
#....# #.#
#....####.#
#.........#
#.........#
###.......######
#............#
#......÷÷....#


You could see Pikel and 4 slaves.

Vanquished Creatures
  A big kobold (D:3)
  A crimson imp (D:3)
  An iguana (D:4)
  7 adders
  A worm (D:2)
  A dart slug (D:1)
  A leopard gecko (D:3)
  4 orcs (D:3)
  6 giant cockroaches
  8 goblins
  12 hobgoblins
  3 jackals (D:2)
  A quokka (D:2)
  2 ball pythons
  4 bats
  A frilled lizard (D:3)
  10 kobolds
  10 rats
74 creatures vanquished.

Notes
Turn   | Place    | Note
-------+----------+-------------------------------------------
     0 | D:1      | Krouwed the Gargoyle Fighter began the quest for the Orb.
     0 | D:1      | Reached XP level 1. HP: 14/14 MP: 1/1
   105 | D:1      | Reached XP level 2. HP: 18/19 MP: 2/2
   342 | D:1      | Reached XP level 3. HP: 23/23 MP: 3/3
   806 | D:2      | Reached XP level 4. HP: 19/29 MP: 4/4
  1161 | D:3      | Noticed a big kobold
  1214 | D:3      | Killed a big kobold
  1214 | D:3      | Reached XP level 5. HP: 19/33 MP: 5/5
  1783 | D:3      | Reached XP level 6. HP: 29/38 MP: 6/6
  1815 | D:3      | Found a faded altar of an unknown god.
  2159 | D:4      | Noticed a slave
  2159 | D:4      | Noticed a slave
  2159 | D:4      | Noticed a slave
  2164 | D:4      | Noticed Pikel
  2170 | D:4      | Noticed a slave
  2176 | D:4      | Blown up by Pikel

Levels and vault maps discovered:
D:1:      moated_graveyard_arrival, layout_rooms, supply_closet_lemuel,
          minmay_pentomino_s2
D:2:      layout_loops_ring
D:3:      layout_rooms, chequers_ecumenical_altar_island
D:4:      layout_basic, uniq_pikel

Skill      XL: |  1  2  3  4  5 |
---------------+----------------+-----
Maces & Flails | 3 4 |  4.2
Fighting       | 4 |  4.4
Armour         | 4 |  4.4
Shields        | 4 |  4.4

Action                   |  1- 3 |  4- 6 || total
-------------------------+-------+-------++-------
Melee: Flail             |   129 |   176 ||   305
  Use: Scroll            |       |     2 ||     2
  Eat: Chunk             |       |     5 ||     5
Armor: Scale mail        |    60 |   116 ||   176
Dodge: Dodged            |    51 |    63 ||   114
Block: Shield            |    54 |   115 ||   169

Table legend:
 A = Non-vault XP
 B = Vault XP
 C = Vault XP percentage of total XP
 D = Non-vault monster count
 E = Vault monster count
 F = Vault count percentage of total count
                 A         B        C        D         E       F
            +---------+---------+-------+---------+---------+-------
      Total |     389 |       3 |   0.8 |      72 |       2 |   2.7
            +---------+---------+-------+---------+---------+-------
        D:1 |      34 |       3 |   8.1 |      20 |       2 |   9.1
        D:2 |      62 |       0 |   0.0 |      20 |       0 |   0.0
        D:3 |     230 |       0 |   0.0 |      29 |       0 |   0.0
        D:4 |      63 |       0 |   0.0 |       3 |       0 |   0.0
            +---------+---------+-------+---------+---------+-------
